 Dungeon Crawl Stone Soup version 0.22-a0-580-gd5db89c (webtiles) character file.

275 Amnesiac the Charlatan (level 6, -6/32 HPs)
             Began as a Spriggan Wanderer on July 3, 2018.
             Mangled by a bog mummy (19 damage)
             ... in an ossuary.
             The game lasted 00:04:49 (1483 turns).

Amnesiac the Charlatan (Spriggan Wanderer)          Turns: 1483, Time: 00:04:49

Health: -6/32      AC:  2    Str: 14    XL:     6   Next: 3%
Magic:  11/11      EV: 19    Int: 12    God:
Gold:   36         SH:  0    Dex: 14    Spells: 5/5 levels left

rFire    . . .     SeeInvis +   e - +0 dagger
rCold    . . .     Gourm    .   (shield restricted)
rNeg     . . .     Faith    .   d - +0 robe
rPois    .         Spirit   .   (helmet restricted)
rElec    .         Reflect  .   (no cloak)
rCorr    .         Harm     .   (gloves unavailable)
MR       +....                  (boots unavailable)
Stlth    ++........             (no amulet)
HPRegen  0.10/turn              h - -3 ring of strength (curse)
MPRegen  0.12/turn              n - +4 ring of strength

@: very quick
A: very small, unfitting armour, see invisible, herbivore, speed 3, slow
metabolism 2
a: no special abilities


You were in an ossuary.
You were not hungry.

You visited 1 branch of the dungeon, and saw 4 of its levels.
You also visited: Ossuary.

You collected 36 gold pieces.

Inventory:

Hand Weapons
 a - a +0 mace
 b - a +1 hunting sling
 e - a +0 dagger (weapon)
Missiles
 r - 15 stones (quivered)
Armour
 d - a +0 robe (worn)
Jewellery
 h - a cursed -3 ring of strength (left hand)
 n - a +4 ring of strength (right hand)
Wands
 q - a wand of paralysis (3)
Scrolls
 k - a scroll of noise {!r, unknown}
 m - a scroll of fog {!r, unknown}
 p - a scroll of immolation {!r, unknown}
Potions
 c - 3 potions of curing {!q}
 g - 2 potions of heal wounds {!q, unknown}
 j - a potion of agility {!q, unknown}
 o - a potion of brilliance {!q, unknown}
Comestibles
 f - 2 rations


   Skills:
 - Level 2.4 Fighting
 - Level 3.0 Short Blades
 - Level 1.3 Maces & Flails
 - Level 4.0 Dodging
 - Level 3.0 Stealth
 * Level 6.3 Evocations


You had 5 spell levels left.
You didn't know any spells.
Your spell library was empty.

Dungeon Overview and Level Annotations

Branches:
Dungeon (4/15)
 Temple: D:4-7

Altars:

Shops:
D:4 ?%


Innate Abilities, Weirdness & Mutations

You are very small and have problems with some larger weapons.
You are too small for most types of armour.
You have supernaturally acute eyesight. (SInv)
You are a herbivore.
You cover ground extremely quickly.
You need to consume almost no food.


Message History

There is an empty arch of ancient stone here.
Put on which piece of jewellery? (? for menu, Esc to quit)
Okay, then.
Really read
i - a scroll labeled HINLIBE KORA {!r}?
As you read the scroll labeled HINLIBE KORA {!r}, it crumbles to dust.
It is a scroll of enchant weapon.
Your +0 hunting sling glows red for a moment.
Evoke which item? (* to show all) (? for menu, Esc to quit)
Aiming: Paralyse
Press: ? - help, Shift-Dir - straight line, f - bog mummy
Aim: a bog mummy (chance to defeat MR: 64%)
The bog mummy struggles to resist.
Evoke which item? (* to show all) (? for menu, Esc to quit)
Aiming: Paralyse
Press: ? - help, Shift-Dir - straight line, f/p - bog mummy
Aim: a bog mummy (chance to defeat MR: 64%)
The bog mummy struggles to resist.
Evoke which item? (* to show all) (? for menu, Esc to quit)
Aiming: Paralyse
Press: ? - help, Shift-Dir - straight line, f/p - bog mummy
Aim: a bog mummy (chance to defeat MR: 64%)
The bog mummy suddenly stops moving!
Wield which item (- for none, * to show all)? (? for menu, Esc to quit)
e - a +0 dagger (weapon)
The helpless bog mummy fails to defend itself.
You puncture the bog mummy!
The bog mummy is almost destroyed.
The helpless bog mummy fails to defend itself.
You impale the bog mummy!!
You destroy the bog mummy!
You have reached level 6!
Your experience leads to an increase in your attributes!
Your base attributes are Str 12, Int 12, Dex 14.
Increase (S)trength, (I)ntelligence, or (D)exterity?
You feel stronger.
You enter the shallow water.
Moving in this stuff is going to be slow.
r - 14 stones (gained 2) HP restored.
You enter the shallow water.
Moving in this stuff is going to be slow.
r - 15 stones (gained 1)
A bog mummy comes into view.
A bog mummy is nearby!
A bog mummy is nearby!
There is an open door here.
The helpless bog mummy fails to defend itself.
You puncture the bog mummy!
The bog mummy is severely damaged.
The bog mummy hits you!!
Ouch! That really hurt!
* * * LOW HITPOINT WARNING * * *
Evoke which item? (* to show all) (? for menu, Esc to quit)
Aiming: Paralyse
Press: ? - help, Shift-Dir - straight line, f - bog mummy
Aim: a bog mummy (severely damaged, chance to defeat MR: 65%)
The bog mummy struggles to resist.
Evoke which item? (* to show all) (? for menu, Esc to quit)
Aiming: Paralyse
Press: ? - help, Shift-Dir - straight line, f/p - bog mummy
Aim: a bog mummy (severely damaged, chance to defeat MR: 65%)
The bog mummy struggles to resist.
The bog mummy hits you!!
Ouch! That really hurt!
You die...

# ## ≈ ≈≈ #≈ #≈
#≈# ≈≈## ##≈ #≈#≈
≈# #≈≈#
##≈##≈##≈≈≈#
#M#P#P≈P≈#
.#'#+#@#.≈.≈≈#≈##
≈≈≈.≈≈(≈...≈.≈≈P≈#
#≈##'##≈##≈##≈≈###
#. #.#...# ≈P≈# #
###.∩.# ### #∩..#
#####


You could see a bog mummy.

Vanquished Creatures
  4 bullfrog zombies (Ossuary)
  2 hound zombies (Ossuary)
  4 mummies (Ossuary)
  2 worker ant zombies (Ossuary)
  5 adder zombies (Ossuary)
  A dart slug (D:1)
  A leopard gecko (D:3)
  A giant cockroach (D:3)
  A hobgoblin (D:1)
  A kobold (D:2)
  A quokka (D:4)
  A frilled lizard (D:2)
  A quokka zombie (Ossuary)
  4 rats
29 creatures vanquished.

Vanquished Creatures (others)
  A withered plant (Ossuary)
1 creature vanquished.

Grand Total: 30 creatures vanquished

Notes
Turn   | Place    | Note
-------+----------+-------------------------------------------
     0 | D:1      | Amnesiac the Spriggan Wanderer began the quest for the Orb.
     0 | D:1      | Amnesiac set off with: a +0 robe, 4 throwing nets, a potion of curing {!q}, a +0 mace, a +0 dagger, a ration
     0 | D:1      | Reached XP level 1. HP: 11/11 MP: 3/3
   350 | D:2      | Reached XP level 2. HP: 10/16 MP: 4/4
   556 | D:4      | Found Ekennopa's Food Shop.
   654 | D:4      | Found Cegouwid's Magic Scroll Shoppe.
   667 | D:4      | Found a sand-covered staircase.
   677 | Ossuary  | Entered an ossuary
   705 | Ossuary  | Reached skill level 2 in Evocations
   720 | Ossuary  | Reached skill level 1 in Short Blades
   720 | Ossuary  | Reached skill level 3 in Evocations
   720 | Ossuary  | Reached XP level 3. HP: 14/19 MP: 4/6
   725 | Ossuary  | Reached XP level 4. HP: 6/23 MP: 4/7
   796 | Ossuary  | Reached skill level 4 in Evocations
   937 | Ossuary  | Reached XP level 5. HP: 8/27 MP: 9/9
   976 | Ossuary  | Reached skill level 5 in Evocations
  1215 | Ossuary  | Reached skill level 6 in Evocations
  1471 | Ossuary  | Reached XP level 6. HP: 31/32 MP: 11/11
  1483 | Ossuary  | Mangled by a bog mummy

Vault maps used:
D:1:      scummos_arrival_gate, serial_bayou_pond_d, minmay_misc_feat_x
D:2:      marbit_many_paths, minmay_tetromino_l4
D:3:      wad_woods_pond, first_ration, uniq_grinder
D:4:      enter_ossuary_3, serial_shops, shop, nicolae_shop_behind_doors,
          kennysheep_mini_moat, shop
Ossuary:  ossuary_zaba_flooded

Skill      XL: |  1  2  3  4  5 |
---------------+----------------+-----
Dodging        | 3 4 |  4.0
Evocations     | 3 4 6 |  6.3
Short Blades   | 1 2 3 |  3.0
Fighting       | |  2.4
Maces & Flails | |  1.3
Stealth        | |  3.0

Action                   |  1- 3 |  4- 6 || total
-------------------------+-------+-------++-------
Melee: Mace              |    42 |    15 ||    57
       Dagger            |    20 |    37 ||    57
 Fire: Hunting sling     |     6 |    36 ||    42
Throw: Throwing net      |     4 |     2 ||     6
Evoke: Wand              |     3 |    12 ||    15
  Use: Potion            |       |     1 ||     1
       Scroll            |       |     1 ||     1
 Stab: Sleeping          |     1 |     1 ||     2
       Paralysed         |     5 |    13 ||    18
       Held in net/web   |     1 |     1 ||     2
Armor: Robe              |     2 |     2 ||     4
Dodge: Dodged            |    45 |    62 ||   107

Table legend:
 A = Spawn XP
 B = Non-spawn XP
 C = Spawn XP percentage of total XP
 D = Spawn monster count
 E = Non-spawn monster count
 F = Spawn count percentage of total count
 G = Total turns spent on level
                    A         B        C        D         E        F      G
               +---------+---------+-------+---------+---------+-------+---------
         Total |       0 |     393 |   0.0 |       0 |      29 |   0.0 |  1483
               +---------+---------+-------+---------+---------+-------+---------
           D:1 |       0 |       8 |   0.0 |       0 |       4 |   0.0 |   313
           D:2 |       0 |       5 |   0.0 |       0 |       4 |   0.0 |   115
           D:3 |       0 |       5 |   0.0 |       0 |       2 |   0.0 |   150
           D:4 |       0 |       2 |   0.0 |       0 |       1 |   0.0 |    99
       Ossuary |       0 |     373 |   0.0 |       0 |      18 |   0.0 |   806
               +---------+---------+-------+---------+---------+-------+---------
